 Dungeon Crawl Stone Soup version 0.31.0-1-g2c135a0 (webtiles) character file.

Game seed: 9122072147936564320

55 samurai2 the Covered (level 3, -6/33 HPs)
             Began as a Minotaur Fighter on Feb 15, 2024.
             Killed by nerve-wracking pain
             ... invoked by Grinder
              (8 damage)
             ... on level 3 of the Dungeon.
             The game lasted 00:04:07 (1974 turns).

samurai2 the Covered (Minotaur Fighter)             Turns: 1974, Time: 00:04:07

Health: -6/33      AC: 11    Str: 22    XL:     3   Next: 67%
Magic:  2/2        EV:  8    Int:  5    God:
Gold:   57         SH:  4    Dex:  9    Spells: 2/2 levels left

rFire   . . .        a - +0 war axe
rCold   . . .        c - +0 buckler
rNeg    . . .        t - +0 chain mail
rPois   .            (helmet restricted)
rElec   .            l - +1 cloak
rCorr   .            (no gloves)
SInv    .            (no boots)
Will    .....        (no amulet) Stlth
                     (no ring)
HPRegen 0.25/turn    (no ring)
MPRegen 0.08/turn

%: no passive effects
@: mighty
A: horns 2, retaliatory headbutt
a: no special abilities


You were on level 3 of the Dungeon.
You visited 1 branch of the dungeon, and saw 3 of its levels.

You collected 57 gold pieces.

Inventory:

Hand Weapons
 a - a +0 war axe (weapon)
Missiles
 g - 2 poisoned darts
 i - 8 javelins (quivered)
 k - 15 stones
Armour
 b - a +0 scale mail
 c - a +0 buckler (worn)
 l - a +1 cloak (worn)
 t - a +0 chain mail (worn)
Magical Staves
 e - a staff of earth
 r - a staff of air
Scrolls
 h - a scroll of brand weapon {unknown}
Potions
 f - a potion of degeneration
 j - 2 potions of ambrosia
 m - a potion of berserk rage {unknown}
 o - 2 potions of heal wounds {unknown}
 p - 2 potions of haste {unknown}
 q - a potion of brilliance {unknown}
 s - a potion of lignification {unknown}


   Skills:
 + Level 4.0 Fighting
 + Level 2.9 Axes
 + Level 4.4 Armour
 - Level 0.2 Dodging
 + Level 4.3 Shields


You had 2 spell levels left.
You didn't know any spells.
Your spell library contained the following spells:

 Spells                   Type           Power      Damage    Failure   Level
 Kiss of Death            Conj/Necr      0%         2d5       99%         1
 Cigotuvi's Dreadful Rot  Necr/Alch/Air  0%         N/A       99%         2
 Ensorcelled Hibernation  Hex/Ice        0%         N/A       99%         2
 Confusing Touch          Hex            0%         N/A       100%        3
 Fugue of the Fallen      Necr           0%         N/A       100%        3
 Anguish                  Hex/Necr       0%         N/A       100%        4
 Dispel Undead            Necr           0%         3d6       100%        4
 Martyr's Knell           Necr/Summ      0%         N/A       100%        4
 Death Channel            Necr           0%         N/A       100%        6
 Chain Lightning          Conj/Air       0%         N/A       100%        9
 Fire Storm               Conj/Fire      0%         5d1       100%        9
 Shatter                  Erth           0%         3d5*      100%        9


Dungeon Overview and Level Annotations

Branches:
Dungeon (3/15)

Altars:

Shops:
D:3 (

Annotations:
D:3 Grinder


Innate Abilities, Weirdness & Mutations

You have a pair of horns on your head.
You reflexively headbutt those who attack you in melee.


Message History

Grinder misses you. The orc closely misses you.
Things that are here:
a +0 short sword; 2 stones; a kobold corpse Unknown command.
You hit Grinder.
Grinder is moderately wounded.
You hit the orc. Grinder hits you but does no damage.
The orc hits you with a +0 trident!
You hit Grinder.
Grinder is moderately wounded.
You hit the orc.
You kill the orc!
You hit the dart slug. Grinder says, "Are you a fish?"
Grinder completely misses you. You furiously retaliate!
You headbutt Grinder! The dart slug barely misses you.
Grinder barely misses you.
You slash Grinder!
Grinder is almost dead.
You slash the dart slug!
You kill the dart slug!
Grinder blinks!
Grinder gestures at you. Pain shoots through your body!
* * * LOW HITPOINT WARNING * * *
Unknown command.
Unknown command.
You feel very mighty all of a sudden.
Grinder blinks!
Unknown command.
Unknown command.
Unknown command.
Grinder gestures at you.
You barely resist.
Things that are here:
a +0 short sword; 2 stones; a kobold corpse Unknown command.
Grinder gestures at you. Pain shoots through your body!
You die...
Grinder says, "Hey, I wasn't done torturing you yet!"

#.###.# ........##.#
#.#.... ...........##
#.#.#.. ............##
#.#<...
.........#....##
#.#†...
.....)...#.##...
#.#.### ...........5#
#.#####.#....
........)...#
#.......#####
.....(...)@.#
##...........
............#
#......#####
............# #......#
.........#.## ##..##.#
##########.#######..#.#
#.........##...#
#.....∩...####.##
#.........####..#
#...........†..>#


You could see Grinder.

Vanquished Creatures
  A dart slug (D:3)
  A ribbon worm (D:2)
  An orc (D:3)
  3 bats
  4 endoplasms
  3 giant cockroaches
  3 goblins (D:2)
  2 hobgoblins
  8 jackals (D:3)
  4 kobolds
  5 quokkas
  2 ball pythons
  A frilled lizard (D:1)
  2 rats
40 creatures vanquished.

Notes
Turn   | Place    | Note
-------+----------+-------------------------------------------
     0 | D:1      | samurai2 the Minotaur Fighter began the quest for the Orb.
     0 | D:1      | Reached XP level 1. HP: 19/19 MP: 0/0
   229 | D:1      | Found a faded altar of an unknown god.
   472 | D:1      | Reached XP level 2. HP: 25/27 MP: 1/1
  1361 | D:2      | Reached XP level 3. HP: 28/33 MP: 2/2
  1938 | D:3      | Found Wual's Antique Weapon Boutique.
  1960 | D:3      | Noticed Grinder
  1969 | D:3      | HP: 1/33 [Grinder/nerve-wracking pain (10)]
  1974 | D:3      | Killed from afar by Grinder

Illustrated notes

Levels and vault maps discovered:
D:1:      saegor_arrival_simple_b, layout_loops_ring,
          hellmonk_ecumenical_altar_inner_sanctum, chequers_big_river, hex_tiny,
          roderic_lattice_a
D:2:      layout_loops_ring, kennysheep_generic_room_4
D:3:      layout_basic, serial_shops, shop, uniq_grinder

Skill      XL: |  1  2  3 |
---------------+----------+-----
Shields        | 4 |  4.3
Armour         | 4 |  4.4
Fighting       | 4 |  4.0
Axes           | |  2.9
Dodging        | |  0.2

Action                     || total
---------------------------++-------
  Melee: War axe           ||    78
         Headbutt          ||    11
    Use: Scroll            ||     7
         Potion            ||     1
 Armour: Scale mail        ||    30
         Chain mail        ||    31
  Dodge: Dodged            ||    44
  Block: Buckler           ||    26
